 Dungeon Crawl Stone Soup version 0.31-a0-1616-gbeaec30b81 (webtiles) character file.

Game seed: 10686699959002987621

1626 shadizar the Fighter (level 9, -3/71 HPs)
             Began as a Djinni Fire Elementalist on Jan 10, 2024.
             Slain by a wyvern (9 damage)
             ... on level 8 of the Dungeon.
             The game lasted 00:14:49 (6009 turns).

shadizar the Fighter (Djinni Fire Elementalist)     Turns: 6009, Time: 00:14:50

Health: -3/71      AC:  7    Str:  7    XL:     9   Next: 17%
Gold:   251        EV: 12    Int: 22    God:
                   SH:  0    Dex: 19

rFire   + + .        d - +3 dagger (drain)
rCold   x . .        (no shield)
rNeg    . . .        t - +1 leather armour {rPois}
rPois   ∞            l - +0 helmet
rElec   .            i - +0 cloak
rCorr   .            A - +0 pair of gloves
SInv    .            (boots unavailable)
Will    .....        (no amulet)
Stlth   ++           x - +6 ring of dexterity
HPRegen 0.31/turn    (no ring)
MPRegen 0.00/turn

%: infuse magic (-4 HP)
@: flying, very slightly contaminated
A: sickness immunity, fire resistance 2, cold vulnerability 1, float, innate
caster, HP casting, extra vitality 1
a: no special abilities


You were on level 8 of the Dungeon.
You visited 1 branch of the dungeon, and saw 6 of its levels.
You also visited: Ossuary.

You collected 251 gold pieces.

Inventory:

Hand Weapons
 d - a +3 dagger of draining (weapon)
 w - a +2 whip of freezing
Armour
 a - +0 acid dragon scales
 e - an orb of wrath
 i - a +0 cloak (worn)
 j - a +0 ring mail of positive energy
 l - a +0 helmet (worn)
 n - an orb of light
 t - a +1 leather armour of poison resistance (worn)
 A - a +0 pair of gloves (worn)
Jewellery
 x - a +6 ring of dexterity (left hand)
Talismans
 u - a storm talisman
Scrolls
 c - a scroll of fog
 s - 6 scrolls of teleportation
Potions
 b - a potion of enlightenment
 h - 3 potions of resistance
 p - 2 potions of berserk rage
 v - a potion of lignification {unknown}


   Skills:
 * Level 8.9 Fighting
 - Level 2.1 Dodging
 - Level 1.5 Stealth
 + Level 5.8 Spellcasting
 + Level 5.8 Conjurations
 + Level 5.8 Hexes
 + Level 5.8 Summonings
 + Level 5.8 Necromancy
 + Level 5.8 Translocations
 + Level 5.8 Fire Magic
 + Level 5.8 Ice Magic
 + Level 5.8 Air Magic
 + Level 5.8 Earth Magic
 + Level 5.8 Alchemy


You knew the following spells:

 Your Spells              Type           Power      Damage    Failure   Level
a - Foxfire               Conj/Fire      100%       2x1d9     1%          1
b - Scorch                Fire           64%        2d7       1%          2
c - Volatile Blastmotes   Fire/Tloc      64%        2d15      3%          3
d - Inner Flame           Hex/Fire       32%        N/A       3%          3
e - Flame Wave            Conj/Fire      32%        2d9       13%         4
f - Necrotise             Necr           100%       1d9       1%          1
g - Mercury Vapours       Alch/Air       64%        N/A       1%          2
h - Call Canine Familiar  Summ           32%        N/A       3%          3
i - Anguish               Hex/Necr       16%        N/A       13%         4
Your spell library was empty.

Dungeon Overview and Level Annotations

Branches:
Dungeon (5/15)             Temple (0/1) D:5         Ossuary (visited)

Altars:
Elyvilon
Fedhas
Makhleb
Wu Jian
Zin

Shops:
D:4 :   D:8 (


Innate Abilities, Weirdness & Mutations

You are immune to sickness and miasma.
You are immune to poison.
Your flesh is very heat resistant. (rF++)
You are vulnerable to cold. (rC-)
You float through the air rather than walking.
You learn spells naturally, not from books.
Your magical power is your life essence.
You have superior vitality. (+4 MHP)


Message History

Flames lash the gnoll bouda.
The gnoll bouda is burned terribly!
The gnoll bouda is almost dead.
Casting: Scorch (safe; 1% risk of failure)
Confirm with . or Enter, or press ? or * to list all spells.
Flames lash the gnoll.
The gnoll is severely wounded.
The gnoll's fire resistance burns away.
A wyvern comes into view.
The gnoll bouda utters an invocation to its god.
The gnoll bouda is healed somewhat.
Casting: Scorch (safe; 1% risk of failure)
Confirm with . or Enter, or press ? or * to list all spells.
You miscast Foxfire.
You are very lightly contaminated with residual magic.
Nothing appears to happen.
The gnoll bouda barks out a call to the hunt!
The gnoll picks up the pace!
Casting: Foxfire (safe; 1% risk of failure)
Confirm with . or Enter, or press ? or * to list all spells.
Flames lash the gnoll.
The gnoll is burned terribly!
You kill the gnoll!
* * * LOW HITPOINT WARNING * * *
The gnoll bouda hits you with a +0 whip.
* * * LOW HITPOINT WARNING * * *
Casting: Scorch (safe; 1% risk of failure)
Confirm with . or Enter, or press ? or * to list all spells.
Flames lash the gnoll bouda.
The gnoll bouda is burned terribly!
You kill the gnoll bouda!
* * * LOW HITPOINT WARNING * * *
Unknown command.
Things that are here:
a +0 club; a gnoll corpse The wyvern attacks as it pursues you!
The wyvern bites you.
* * * LOW HITPOINT WARNING * * *
The wyvern bites you!
* * * LOW HITPOINT WARNING * * *
Things that are here:
a +0 flail; a +0 ring mail; an orc corpse The wyvern attacks as it pursues you!
The wyvern bites you!
You die...

.#######***,***,,* #.# .#
**,)......## #§# .# *,.#/..#...#
#.# ## #...#.#....# #D#******
#....∩.....##****#...D....
##...#.#.....,,,,,..#######
#####.<.#...#...###**##.#
#.................# #.#
*##.....).......@.#,****#o#******
,.......)#.##.###k#,,,,,...,,,,,,
**#.....o#.#*,# #.#*****###,*****
#.....†#.##.###)# *,*
######........).# *,*
#...##§#.##.#####* *,*
*,#......#*,,,,,,* *,***
**#...##.#########.###*****,,,*
,§...**#.#########....,,,,,,*,*


You could see a wyvern.

Vanquished Creatures
  A shadow (D:8)
  Menkaure (Ossuary)
  An acid dragon (D:8)
  A water moccasin (D:5)
  2 black bears
  A centaur (D:8)
  A scorpion (D:4)
  A howler monkey (D:3)
  5 hounds
  3 orc priests
  A gnoll bouda (D:8)
  An iguana (D:5)
  4 orc wizards
  3 mummies (Ossuary)
  Robin (D:2)
  10 gnolls
  6 adders
  A white imp (D:8)
  A dart slug (D:1)
  2 ribbon worms
  30 orcs
  6 endoplasms
  6 giant cockroaches
  5 gnoll zombies (Ossuary)
  13 hobgoblins
  12 kobolds
  4 quokkas
  4 ball pythons
  5 bats
  5 frilled lizards
  7 gnoll skeletons (Ossuary)
  15 goblins
  2 goblin skeletons (Ossuary)
  4 goblin zombies (Ossuary)
  3 hobgoblin skeletons (Ossuary)
  3 hobgoblin zombies (Ossuary)
  4 kobold skeletons (Ossuary)
  5 kobold zombies (Ossuary)
  3 orc skeletons (Ossuary)
  3 orc zombies (Ossuary)
  6 rats
  6 rat skeletons (Ossuary)
  5 rat zombies (Ossuary)
203 creatures vanquished.

Vanquished Creatures (collateral kills)
  2 foxfires (D:3)
2 creatures vanquished.

Vanquished Creatures (others)
  403 foxfires
403 creatures vanquished.

Grand Total: 608 creatures vanquished

Notes
Turn   | Place    | Note
-------+----------+-------------------------------------------
     0 | D:1      | shadizar the Djinni Fire Elementalist began the quest for
                  | the Orb.
     0 | D:1      | shadizar set off with the following spells memorised:
                  | Foxfire, Scorch, Volatile Blastmotes, Inner Flame, Flame
                  | Wave.
     0 | D:1      | Reached XP level 1. HP: 15/15 MP: 0/0
    90 | D:1      | Reached XP level 2. HP: 11/22 MP: 0/0
    97 | D:1      | Reached skill level 1 in Fighting
   399 | D:1      | Reached XP level 3. HP: 22/28 MP: 0/0
   399 | D:1      | Learned a level 1 spell: Necrotise
   617 | D:1      | Reached skill level 2 in Fighting
  1058 | D:2      | Noticed Robin
  1198 | D:2      | Killed Robin
  1199 | D:2      | Reached XP level 4. HP: 20/34 MP: 0/0
  1399 | D:2      | Reached skill level 3 in Fighting
  1592 | D:2      | Reached XP level 5. HP: 37/40 MP: 0/0
  1592 | D:2      | Learned a level 2 spell: Mercury Vapours
  1906 | D:3      | Reached skill level 4 in Fighting
  1917 | D:3      | Reached XP level 6. HP: 18/47 MP: 0/0
  2298 | D:3      | Found a faded altar of an unknown god.
  2759 | D:3      | Reached skill level 5 in Fighting
  2825 | D:3      | Reached XP level 7. HP: 43/54 MP: 0/0
  2825 | D:3      | Learned a level 3 spell: Call Canine Familiar
  3369 | D:4      | Found Anyn's Book Boutique.
  3449 | D:4      | Found a blossoming altar of Fedhas.
  3567 | D:4      | Reached skill level 6 in Fighting
  3707 | D:5      | Entered Level 5 of the Dungeon
  3728 | D:5      | Found a staircase to the Ecumenical Temple.
  3778 | D:5      | Found an ornate altar of the Wu Jian Council.
  3798 | D:5      | Found a sand-covered staircase.
  3808 | Ossuary  | Entered an ossuary
  4595 | Ossuary  | Noticed Menkaure
  4601 | Ossuary  | Killed Menkaure
  4602 | Ossuary  | Reached XP level 8. HP: 28/62 MP: 0/0
  4916 | D:5      | Reached skill level 5 in Spellcasting
  4916 | D:5      | Reached skill level 5 in Conjurations
  4916 | D:5      | Reached skill level 5 in Hexes
  4916 | D:5      | Reached skill level 5 in Summonings
  4916 | D:5      | Reached skill level 5 in Necromancy
  4916 | D:5      | Reached skill level 5 in Translocations
  4916 | D:5      | Reached skill level 5 in Fire Magic
  4916 | D:5      | Reached skill level 5 in Ice Magic
  4916 | D:5      | Reached skill level 5 in Air Magic
  4916 | D:5      | Reached skill level 5 in Earth Magic
  4916 | D:5      | Reached skill level 5 in Alchemy
  4979 | D:5      | Found a white marble altar of Elyvilon.
  5022 | D:5      | Reached skill level 7 in Fighting
  5101 | D:5      | Found a glowing silver altar of Zin.
  5353 | D:5      | Found a burning altar of Makhleb.
  5516 | D:5      | You are sucked into a shaft and drop 3 floors!
  5754 | D:8      | Reached skill level 8 in Fighting
  5774 | D:8      | Noticed a wraith
  5935 | D:8      | Found Miekheosk's Antique Weapon Emporium.
  5939 | D:8      | Reached XP level 9. HP: 65/71 MP: 0/0
  5939 | D:8      | Learned a level 4 spell: Anguish
  6009 | D:8      | Slain by a wyvern

Illustrated notes

Levels and vault maps discovered:
D:1:      lightli_arrival_chessboard, layout_basic
D:2:      layout_rooms, uniq_robin
D:3:      layout_rooms, nicolae_vehumet_altar_sigil,
          hellmonk_ecumenical_altar_defaced_shrine, cheibrodos_gnoll_hut
D:4:      layout_rooms, kennysheep_mini_moat, fedhas_altar_1, serial_shops, shop
D:5:      layout_gridville, lemuel_doored_altar, old_standard_altar,
          mainiacjoe_overflow_large_starburst, minmay_temple_entry_glassed_door,
          mainiacjoe_ossuary_entry_dusty_tomb, dreamdust_princess_corridor
D:8:      layout_loops_ring, serial_shops, nicolae_shop_advertising_works
          [nicolae_subvault_shop_adworks], small_chamber_with_monster

Skill      XL: |  1  2  3  4  5  6  7  8 |
---------------+-------------------------+-----
Fighting       | 1 2 3 4 5 6 8 |  8.9
Spellcasting   | 4 5 |  5.8
Conjurations   | 4 5 |  5.8
Hexes          | 4 5 |  5.8
Summonings     | 4 5 |  5.8
Necromancy     | 4 5 |  5.8
Translocations | 4 5 |  5.8
Fire Magic     | 4 5 |  5.8
Ice Magic      | 4 5 |  5.8
Air Magic      | 4 5 |  5.8
Earth Magic    | 4 5 |  5.8
Alchemy        | 4 5 |  5.8
Dodging        | |  2.1
Stealth        | |  1.5

Action                     |  1- 3 |  4- 6 |  7- 9 || total
---------------------------+-------+-------+-------++-------
  Melee: Dagger            |     2 |     1 |     5 ||     8
   Cast: Foxfire           |    29 |    97 |   124 ||   250
         Scorch            |    27 |    26 |   110 ||   163
    Use: Scroll            |       |       |    21 ||    21
         Potion            |       |       |     2 ||     2
 Armour: Robe              |    16 |    34 |       ||    50
         Leather armour    |       |     5 |    31 ||    36
  Dodge: Dodged            |    24 |    35 |    41 ||   100

Table legend: (Time is in decaauts)
 A = Elapsed time spent in this place.
 B = Non-inter-level travel time spent in this place.
 C = Inter-level travel time spent in this place.
 D = Time resting spent in this place.
 E = Time spent auto-exploring this place.
 F = Levels seen in this place.
 G = Mean time per level.
                   A        B        C        D        E       F      G
               +--------+--------+--------+--------+--------+-----+--------+
         Total |   6015 |   5960 |     55 |      0 |   4365 |   7 |  859.3 |
       Dungeon |   5022 |   4967 |     55 |      0 |   3677 |   6 |  837.0 |
       Ossuary |    992 |    992 |      0 |      0 |    688 |   1 |  992.0 |
               +--------+--------+--------+--------+--------+-----+--------+

Top non-repeatable levels by time:
     D:3: 1218 daAuts
     D:1: 1178 daAuts
 Ossuary: 992 daAuts
     D:5: 815 daAuts
     D:2: 683 daAuts
     D:4: 634 daAuts
     D:8: 492 daAuts
